 Dungeon Crawl Stone Soup version 0.18.1-5-g4a78601 (webtiles) character file.

103 Charly the Insei (level 4, 0/21 HPs)
             Began as a Vine Stalker Transmuter on May 11, 2016.
             Was an Initiate of Cheibriados.
             Slain by a centaur (1 damage)
             ... on level 6 of the Dungeon.
             The game lasted 00:08:46 (519 turns).

Charly the Insei (Vine Stalker Transmuter)           Turns: 519, Time: 00:08:46

Health: 0/21       AC:  3    Str: 14    XL:     4   Next: 79%
Magic:  0/8        EV: 12    Int: 20    God:    Cheibriados [......]
Gold:   32         SH:  0    Dex: 15    Spells: 3 memorised, 1 level left

rFire  . . .     SeeInvis .     k - +1 dagger (elec)
rCold  . . .     Gourm    .     b - +0 robe
rNeg   . . .     Faith    .     (no shield)
rPois  .         Spirit   +     e - +0 helmet
rElec  .         Dismiss  .     (no cloak)
rCorr  .         Reflect  .     (no gloves)
SustAt .         Harm     .     (no boots)
MR     .....                    (no amulet)
Stlth  +.........               (no ring)
                                h - +5 ring of intelligence

@: very slow, not resistant to hostile enchantments, very unstealthy
A: fangs 2, regeneration 1, magic shield, antimagic bite, no device heal 3, rot
immunity
a: Bend Time, Renounce Religion


You were on level 6 of the Dungeon.
You worshipped Cheibriados.
Cheibriados was noncommittal.
You were not hungry.

You visited 2 branches of the dungeon, and saw 8 of its levels.

You collected 32 gold pieces.

Inventory:

Hand Weapons
 k - a +1 dagger of electrocution (weapon)
Missiles
 a - 18 arrows
 m - 19 poisoned needles
Armour
 b - a +0 robe (worn)
 e - a +0 helmet (worn)
Jewellery
 h - a +5 ring of intelligence (left hand)
Wands
 j - a wand of flame (0/48)
Scrolls
 g - a scroll of remove curse
Potions
 l - a potion of lignification {unknown}
Books
 c - a book of Changes

   Spells                             Type                      Level
   a - Beastly Appendage              Transmutation                1
   b - Sticks to Snakes               Transmutation                2
   c - Spider Form                    Transmutation/Poison         3
   d - Ice Form                       Ice/Transmutation            4
   e - Blade Hands                    Transmutation                5
Comestibles
 d - a bread ration


   Skills:
 - Level 0.8 Fighting
 - Level 1.5 Dodging
 + Level 5.3 Unarmed Combat
 - Level 2.1 Spellcasting
 - Level 2.0 Transmutations


You had one spell level left.
You knew the following spells:

 Your Spells              Type           Power        Failure   Level  Hunger
b - Beastly Appendage     Trmt           ##....       10%         1    #......
s - Sticks to Snakes      Trmt           ##......     12%         2    ##.....
S - Spider Form           Trmt/Pois      #.........   30%         3    ###....


Dungeon Overview and Level Annotations

Branches:
Dungeon (7/15)             Temple (1/1) D:4

Altars:
Cheibriados
Dithmenos
Elyvilon
Fedhas
Nemelex Xobeh
Okawaru
Qazlal
Sif Muna
Trog
Xom
Zin


Innate Abilities, Weirdness & Mutations

You have extremely sharp teeth.
Your natural rate of healing is unusually fast.
When hurt, damage is shared between your health and your magic reserves.
Your bite disrupts and absorbs the magic of your enemies.
Potions and wands cannot restore your health.
You are immune to rotting.


Message History

Okay, then.
Drink which item? (? for menu, Esc to quit)
It was a potion of cure mutation.
It has a very clean taste.
The centaur unwields an uncursed shortbow.
The centaur hits you!
* * * LOW HITPOINT WARNING * * *
The centaur closely misses you.
Unknown command.
You hit the centaur.
The centaur is poisoned.
The centaur is lightly wounded.
Your transformation has ended.
Your +1 dagger of electrocution unmelds from your body.
Your +0 helmet unmelds from your body.
Your +0 robe unmelds from your body.
You hear the crackle of electricity.
The centaur hits you.
* * * LOW HITPOINT WARNING * * *
You hit the centaur.
The centaur is moderately wounded.
The centaur misses you. The centaur hits you.
You die...

#.# ..# # ##.###.##
#.##...#...#.#####
#...c....#........
### #.[..#...#.###.#
.... #.#(# #.## ##.#
##...####.#.#
#.##.##...
).......#.#(#
#.##......
....##.@#.(.#
#.####.>.. .
#..c(..# #.####.#.#
#..##..####†..##.#.#
#...
#.......#.##....
#....
##.####...###...
#.... #.# #..†.....#
##... ... ##.#......
##.. .#.#. #.#......
...... .........


You could see a centaur.

Vanquished Creatures
  A worker ant (D:6)
  5 adders
  A shadow imp (D:5)
  An ooze (D:5)
  2 orcs
  2 goblins
  A giant newt (D:6)
13 creatures vanquished.

Vanquished Creatures (collateral kills)
  A worker ant (D:5)
1 creature vanquished.

Grand Total: 14 creatures vanquished

Notes
Turn   | Place    | Note
--------------------------------------------------------------
     0 | D:1      | Charly the Vine Stalker Transmuter began the quest for the Orb.
     0 | D:1      | Reached XP level 1. HP: 9/9 MP: 4/4
   127 | D:3      | Found a sparkling altar of Nemelex Xobeh.
   129 | D:3      | Found a blossoming altar of Fedhas.
   195 | D:5      | Entered Level 5 of the Dungeon
   212 | D:4      | Found a staircase to the Ecumenical Temple.
   217 | Temple   | Entered the Ecumenical Temple
   248 | Temple   | Became a worshipper of Cheibriados the Contemplative
   296 | D:5      | Reached XP level 2. HP: 14/14 MP: 6/6
   300 | D:5      | Learned a level 2 spell: Sticks to Snakes
   347 | D:5      | Reached skill level 4 in Unarmed Combat
   347 | D:5      | Reached XP level 3. HP: 17/17 MP: 7/7
   352 | D:5      | Learned a level 3 spell: Spider Form
   377 | D:5      | Found a shimmering altar of Xom.
   397 | D:5      | Reached XP level 4. HP: 10/21 MP: 3/8
   409 | D:5      | Found a deep blue altar of Sif Muna.
   445 | D:6      | Found a glowing silver altar of Zin.
   468 | D:6      | Reached skill level 5 in Unarmed Combat
   505 | D:6      | Noticed a centaur
   518 | D:6      | HP: 1/21 [centaur (1)]
   519 | D:6      | Slain by a centaur

Skill      XL: |  1  2  3  4 |
---------------+-------------+-----
Unarmed Combat | 4 5 |  5.3
Fighting       | |  0.8
Dodging        | |  1.5
Spellcasting   | |  2.1
Transmutations | |  2.0

Action                   |  1- 3 |  4- 6 || total
-------------------------+-------+-------++-------
Melee: Unarmed           |     8 |     1 ||     9
       Bite              |     6 |     5 ||    11
       Dagger            |    21 |    15 ||    36
       Punch             |       |     2 ||     2
 Cast: Sticks to Snakes  |     2 |     3 ||     5
       Beastly Appendage |     1 |       ||     1
       Spider Form       |       |     1 ||     1
Evoke: Wand              |     7 |     1 ||     8
  Use: Scroll            |       |     2 ||     2
       Potion            |       |     1 ||     1
Armor: Robe              |     4 |       ||     4
Dodge: Dodged            |    12 |    13 ||    25
